 Dungeon Crawl Stone Soup version 0.17-a0-1069-g92ad481 (webtiles) character file.

19929 Gorice the Tortoise (level 12, -5/85 HPs)
             Began as a Gargoyle Wanderer on May 17, 2015.
             Was the Champion of Okawaru.
             Slain by a large abomination (15 damage)
             ... led by an Executioner
             ... on level 2 of the Abyss.
             The game lasted 01:26:19 (14115 turns).

Gorice the Tortoise (Gargoyle Wanderer)            Turns: 14115, Time: 01:26:19

Health: -5/85      AC: 29    Str: 19 (20) XL:     12   Next: 74%
Magic:  8/10       EV: 15    Int:  7      God:    Okawaru [******]
Gold:   727        SH:  0    Dex: 15 (16) Spells: 0 memorised, 11 levels left

rFire  + . .     SeeInvis .     a - +4 dagger (elec)
rCold  . . .     Rnd*Rage +     o - +0 plate armour
rNeg   + . .     SustAb   .     (no shield)
rPois  ∞         Gourm    .     e - +1 helmet
rElec  +         Spirit   .     h - +0 cloak
rCorr  .         Warding  .     (no gloves)
rMut   .         Rnd*Tele +     (no boots)
MR     +....                    q - amulet of rage
Stlth  ..........               z - ring of protection from fire
                                i - ring of Pucuarhaa {+/*Tele MR+}

@: agile, berserking, about to teleport, heroism, very quick, somewhat resistant
to hostile enchantments, extremely unstealthy
A: slimy green scales 1, berserk 2, blurry vision 3, clumsy 1, deformed body,
deterioration 2, dopey 2, frail 3, low mp 3, negative energy resistance 1,
electricity resistance, teleportitis 1, weak 2, unbreathing, petrification
resistance, no device heal 1, rot immunity, MP-powered wands, AC +8
a: Heroism, Finesse, Renounce Religion, Evoke Berserk Rage, Evoke Teleportation


You were on level 2 of the Abyss.
You worshipped Okawaru.
Okawaru was exalted by your worship.
You were not hungry.

You visited 3 branches of the dungeon, and saw 14 of its levels.
You visited the Abyss 1 time.
You also visited: Sewer.

You collected 727 gold pieces.

Inventory:

Hand weapons
 a - a +4 dagger of electrocution (weapon)
   (You took it off a goblin on level 1 of the Dungeon)
 b - the +4 arbalest "Vawule" {velocity, rPois Str+5}
   (You found it on level 3 of the Lair of Beasts)

   Any bolt fired from it inflicts extra damage.
   It affects your strength (+5).
   It protects you from poison.
 A - the +1 rapier "Caekk" {speed, +Inv Str-4 Stlth+}
   (Okawaru gifted it to you on level 2 of the Lair of Beasts)

   Attacks with this weapon are significantly faster.
   It affects your strength (-4).
   It lets you turn invisible.
   It makes you more stealthy.
 B - a +0 blowgun
 F - a +0 hand crossbow
Missiles
 g - 2 curare-tipped needles
 x - 20 tomahawks (quivered)
 C - 43 poisoned needles
 I - 22 bolts
 Y - 2 throwing nets
 Z - 494 stones
Armour
 e - a +1 helmet (worn)
 h - a +0 cloak (worn)
 o - a +0 plate armour (worn)
Jewellery
 c - an uncursed ring of positive energy
 i - the ring of Pucuarhaa (left hand) {+/*Tele MR+}
   (You found it on level 2 of the Lair of Beasts)

   [ring of teleportation]

   It may teleport you to nearby monsters, and can be evoked to randomly
   teleport.
   It affects your resistance to hostile enchantments.
 n - an uncursed ring of protection from fire
 q - an amulet of rage (around neck)
 y - an uncursed ring of stealth
 z - a ring of protection from fire (right hand)
Magical devices
 j - a wand of frost (48)
 G - a wand of slowing (36)
 K - a wand of teleportation (4) {!d}
 W - a wand of enslavement (6)
Scrolls
 l - a scroll of amnesia
 m - 2 scrolls of identify
 p - a scroll of remove curse
 r - a scroll of teleportation {!r}
 v - a scroll of fog
 J - 2 scrolls of blinking
 N - a scroll of recharging
 O - a scroll of enchant armour
 X - a scroll of fear {!r}
Potions
 d - a potion of lignification {!q}
 u - a potion of resistance {!q}
 H - 7 potions of haste {!q}
 M - 5 potions of cancellation {!q}
 S - a potion of agility {!q}
 U - 2 potions of berserk rage
Comestibles
 f - 8 bread rations {!e}
 t - 6 fruits


   Skills:
 - Level 12.4(17.4) Fighting
 - Level 8.0(13.0) Short Blades
 - Level 2.7(7.7) Crossbows
 - Level 15.0(20.0) Armour
 - Level 2.1(7.1) Stealth
 - Level 2.0(7.0) Unarmed Combat
 - Level 3.2 Invocations
 * Level 4.0 Evocations


You had 11 spell levels left.
You didn't know any spells.

Dungeon Overview and Level Annotations

Branches:
Dungeon (9/15)             Temple (1/1) D:4            Lair (4/8) D:9
  Swamp (0/4) Lair:3
  Snake: Lair:3-6    Spider: Lair:3-6       Orc: D:9-12

Altars:
Ashenzari
Cheibriados
Dithmenos
Elyvilon
Fedhas
Gozag
Kikubaaqudgha
Makhleb
Nemelex Xobeh
Okawaru
Qazlal
Ru
Sif Muna
Trog
Vehumet
Xom
Yredelemnul
Zin
The Shining One

Shops:
D:7 =   D:8 *

Annotations:
Lair:4 Sonja


Innate Abilities, Weirdness & Mutations

You are resistant to torment.
Your stone body is resilient (AC +8).
You are immune to poison.
You resist negative energy.
You are resistant to electric shocks.
You can survive without breathing.
You are immune to petrification.
You are immune to rotting.
You are partially covered in slimy green scales (AC +2).
[You often lose your temper in combat.]
[Scrolls take you much longer to read.]
[You are clumsy. (Dex -2)]
[Armour fits poorly on your strangely shaped body.]
[Your body often deteriorates upon taking damage.]
[You are very dopey. (Int -4)]
[You are extremely frail (-30% HP).]
[Your magical capacity is extremely low (-30% MP).]
[You are occasionally teleported to nearby monsters.]
[You are very weak. (Str -4)]
[Potions and wands are less effective at restoring your health.]
[You expend magic power (3 MP) to strengthen your wands.]


Message History

Unknown command.
Unknown command.
Unknown command.
Drink which item? (? for menu, Esc to quit)
You feel better.
The large abomination hits you but does no damage.
Unknown command.
You puncture the large abomination!
The large abomination is moderately damaged.
The large abomination barely misses you.
Use which ability? (? or * to list)
You gain the combat prowess of a mighty hero.
You feel slightly more hungry.
The large abomination hits you but does no damage.
Unknown command.
You hit the large abomination but do no damage.
The large abomination is moderately damaged.
The wretched star pulses with an eldritch light!
Your system partially rejects artificial healing.
You feel stupid.
You feel angry.
You feel weirdly uncertain. The large abomination hits you!
* * * LOW HITPOINT WARNING * * *
Damage: 12 (max 17) Unknown command.
Drink which item? (? for menu, Esc to quit)
You feel better.
The large abomination hits you but does no damage.
You hit the large abomination but do no damage.
There is a sudden explosion of sparks!
The large abomination is heavily damaged.
The wretched star pulses with an eldritch light!
You feel your body start to fall apart.
You feel stupid.
Unknown command.
Drink which item? (? for menu, Esc to quit)
Really quaff
S - 2 potions of agility {!q}?
You feel agile all of a sudden.
The large abomination hits you but does no damage.
You closely miss the large abomination.
The large abomination is heavily damaged.
The large abomination misses you.
Unknown command.
A red film seems to cover your vision as you go berserk!
You feel yourself moving faster!
You feel mighty!
You puncture the large abomination!
The large abomination is severely damaged.
Unknown command.
You hit the large abomination but do no damage.
The large abomination is severely damaged.
The large abomination hits you!
You die...

.## .
..###*
## ...#
### ..
#.#.# #
# ..#
.#.##
...#...
###*.. #
# * .#
#.#3##
## ## .
* #
#X#*.#.
. . . .
#@###5..
..# ##3#
###
#.##..#
# ..
##### #
. .# ..
# ## #


You could see a wretched star, a large abomination and a chaos spawn.

Vanquished Creatures
  A hydra (Lair:1)
  A death yak (Lair:3)
  A hell hog (Abyss:2)
  A thrashing horror (Abyss:2)
  An ice devil (Abyss:2)
  A worldbinder (Abyss:2)
  2 black mambas (Lair:1)
  A cyclops (D:9)
  An apocalypse crab (Abyss:2)
  A torpor snail (Lair:3)
  4 spiny frogs
  2 komodo dragons
  A hellwing (Abyss:2)
  A two-headed ogre (D:9)
  A troll (D:9)
  Grinder (D:5)
  Prince Ribbit (D:9)
  9 blink frogs
  Sigmund (D:2)
  A wraith (D:7)
  3 yaks (Lair:1)
  3 basilisks
  5 hippogriffs
  A wyvern (Lair:2)
  A hungry ghost (D:9)
  4 wolves (Lair:4)
  Menkaure (D:5)
  4 small abominations (Abyss:2)
  2 insubstantial wisps (Lair:3)
  A sky beast (Abyss:2)
  3 porcupines
  An eye of draining (Abyss:2)
  10 water moccasins
  An orc warrior (D:8)
  2 ice beasts
  5 ogres
  2 phantoms (D:5)
  A necrophage (D:5)
  5 centaurs
  6 crocodiles
  14 big kobolds
  3 elf zombies (D:7)
  7 giant frogs
  A scorpion (D:7)
  3 killer bees (D:7)
  3 wights (D:7)
  7 hounds
  A quasit (Abyss:2)
  5 crimson imps
  2 orc priests (D:4)
  A centaur skeleton (D:8)
  6 human zombies (D:7)
  A gnoll shaman (D:7)
  6 iguanas
  4 jellies
  8 worker ants
  5 orc wizards
  A killer bee zombie (D:8)
  A hound skeleton (D:7)
  A mummy (D:7)
  3 worker ant zombies
  Robin (D:2)
  16 gnolls
  10 adders
  30 river rats
  2 oozes
  An adder zombie (D:9)
  5 worms
  6 giant geckos
  27 orcs
  3 bat zombies
  22 goblins
  15 hobgoblins
  38 kobolds
  3 quokkas
  2 ball pythons
  12 bats
  7 giant cockroaches
  7 giant newts
  24 jackals
  3 jackal skeletons
  An orc zombie (D:7)
  15 rats
427 creatures vanquished.

Vanquished Creatures (others)
  A wyvern zombie (D:9)
  A plant (D:9)
  5 toadstools (D:1)
7 creatures vanquished.

Grand Total: 434 creatures vanquished

Notes
Turn   | Place    | Note
--------------------------------------------------------------
     0 | D:1      | Gorice the Gargoyle Wanderer began the quest for the Orb.
     0 | D:1      | Gorice set off with: a +2 dagger, a potion of haste {!q}, a +0 falchion, a potion of lignification {!q}, a +0 robe, a bread ration {!e}
     0 | D:1      | Reached XP level 1. HP: 16/16 MP: 1/1
   174 | D:1      | --hmm, +4 dagger of electrocution!
   194 | D:1      | Reached XP level 2. HP: 15/22 MP: 2/2
   342 | D:1      | Reached skill level 1 in Short Blades
   951 | D:1      | Reached XP level 3. HP: 27/27 MP: 3/3
  1145 | D:2      | Noticed Robin
  1182 | D:2      | Killed Robin
  1182 | D:2      | Reached skill level 6 in Fighting
  1182 | D:2      | Reached skill level 2 in Short Blades
  1277 | D:2      | Reached XP level 4. HP: 32/32 MP: 4/4
  1517 | D:2      | Noticed Sigmund
  1528 | D:2      | Killed Sigmund
  1528 | D:2      | Reached skill level 4 in Short Blades
  1528 | D:2      | Reached XP level 5. HP: 17/37 MP: 5/5
  1528 | D:2      | Reached XP level 6. HP: 19/42 MP: 6/6
  1903 | D:3      | Found a shimmering altar of Xom.
  1908 | D:3      | Found a shimmering altar of Xom.
  1908 | D:3      | Found a shimmering altar of Xom.
  1939 | D:3      | Found a shadowy altar of Dithmenos.
  2120 | D:3      | Found a glowing drain.
  2142 | Sewer    | Entered a sewer
  2229 | Sewer    | Reached skill level 1 in Armour
  2280 | Sewer    | Found a white marble altar of Elyvilon.
  2502 | D:3      | Found an opulent altar of Gozag.
  2522 | D:3      | Reached skill level 2 in Armour
  2698 | D:3      | Reached XP level 7. HP: 47/47 MP: 7/7
  2704 | D:3      | Reached skill level 5 in Short Blades
  3166 | D:3      | Reached skill level 3 in Armour
  3530 | D:4      | Found a staircase to the Ecumenical Temple.
  3616 | D:4      | Reached skill level 6 in Short Blades
  3686 | D:4      | Reached XP level 8. HP: 36/52 MP: 8/8
  3875 | Temple   | Entered the Ecumenical Temple
  3959 | Temple   | Became a worshipper of Warmaster Okawaru
  4030 | D:4      | Reached skill level 4 in Armour
  4339 | D:5      | Entered Level 5 of the Dungeon
  4473 | D:5      | Reached skill level 7 in Short Blades
  4542 | D:5      | Found a shimmering altar of Xom.
  4623 | D:5      | Noticed Grinder
  4648 | D:5      | Killed Grinder
  4648 | D:5      | Acquired Okawaru's first power
  4648 | D:5      | Reached skill level 5 in Armour
  4853 | D:5      | Reached skill level 8 in Short Blades
  4907 | D:5      | Noticed Menkaure
  4920 | D:5      | Reached XP level 9. HP: 33/56 MP: 9/9
  4923 | D:5      | Killed Menkaure
  4923 | D:5      | Reached skill level 7 in Fighting
  4923 | D:5      | Reached skill level 6 in Armour
  5203 | D:6      | Found a sparkling altar of Nemelex Xobeh.
  5319 | D:6      | Reached skill level 7 in Armour
  5989 | D:7      | Found Suzad's Jewellery Boutique.
  5992 | D:7      | Gained mutation: You are partially covered in slimy green scales (AC +2). [potion of beneficial mutation]
  6003 | D:7      | Reached skill level 8 in Armour
  6064 | D:7      | Reached skill level 8 in Fighting
  6446 | D:7      | Reached skill level 9 in Armour
  6524 | D:7      | Found a stormy altar of Qazlal.
  6524 | D:7      | Found a deep blue altar of Sif Muna.
  6774 | D:7      | Reached XP level 10. HP: 63/65 MP: 10/10
  6826 | D:7      | Reached skill level 10 in Armour
  6853 | D:7      | Found an ancient bone altar of Kikubaaqudgha.
  7366 | D:8      | Reached skill level 9 in Fighting
  8089 | D:8      | Reached skill level 11 in Armour
  8276 | D:8      | Found a glowing golden altar of the Shining One.
  8560 | D:8      | Found Muejic's General Store.
  9012 | D:9      | Noticed a cyclops
  9042 | D:9      | Killed a cyclops
  9086 | D:9      | Found a staircase to the Lair.
  9115 | D:9      | Reached skill level 10 in Fighting
  9268 | D:9      | Noticed Prince Ribbit
  9280 | D:9      | Killed Prince Ribbit
  9280 | D:9      | Reached skill level 12 in Armour
  9327 | D:9      | Reached XP level 11. HP: 51/72 MP: 11/11
  9770 | Lair:1   | Entered Level 1 of the Lair of Beasts
  9830 | Lair:1   | Acquired Okawaru's second power
 10083 | Lair:1   | Received a gift from Okawaru
 10083 | Lair:1   | Reached skill level 13 in Armour
 10152 | Lair:1   | Received a gift from Okawaru
 10608 | Lair:1   | Reached skill level 11 in Fighting
 10639 | Lair:1   | Noticed a six-headed hydra
 10652 | Lair:1   | Killed a six-headed hydra
 10851 | Lair:2   | Got a pitted bone ring
 10853 | Lair:2   | Identified the ring of Pucuarhaa {+/*Tele MR+} (You found it on level 2 of the Lair of Beasts)
 10940 | Lair:2   | Reached skill level 14 in Armour
 11234 | Lair:2   | Received a gift from Okawaru
 11257 | Lair:2   | Got a bloodstained rapier {god gift}
 11258 | Lair:2   | Identified the +1 rapier "Caekk" {speed, +Inv Str-4 Stlth+} (Okawaru gifted it to you on level 2 of the Lair of Beasts)
 11573 | Lair:2   | Reached XP level 12. HP: 73/80 MP: 12/12
 11914 | Lair:3   | Noticed a death yak
 12093 | Lair:3   | Killed a death yak
 12192 | Lair:3   | Reached skill level 12 in Fighting
 12208 | Lair:3   | Got a smoking arbalest
 12223 | Lair:3   | Identified the +4 arbalest "Vawule" {velocity, rPois Str+5} (You found it on level 3 of the Lair of Beasts)
 12307 | Lair:3   | Reached skill level 15 in Armour
 12311 | Lair:3   | Found a staircase to the Swamp.
 12414 | Lair:3   | Reached skill level 1 in Crossbows
 12623 | Lair:4   | Reached skill level 2 in Crossbows
 12637 | Lair:4   | Noticed Sonja
 12655 | Lair:4   | Cast into the Abyss (Sonja)
 12706 | Abyss:2  | Paralysed by you for 6 turns
 12741 | Abyss:2  | Noticed a thrashing horror
 12741 | Abyss:2  | Noticed a thrashing horror
 12769 | Abyss:2  | HP: 12/82 [thrashing horror (16)]
 12772 | Abyss:2  | Killed a thrashing horror
 12772 | Abyss:2  | Reached skill level 1 in Invocations
 13013 | Abyss:2  | Noticed a bone dragon
 13182 | Abyss:2  | Reached skill level 2 in Evocations
 13231 | Abyss:2  | HP: 22/82 [hellwing (6)]
 13238 | Abyss:2  | Reached skill level 2 in Invocations
 13241 | Abyss:2  | HP: 10/82 [smoke demon/divine providence (13)]
 13460 | Abyss:2  | Noticed a starcursed mass
 13496 | Abyss:2  | HP: 24/82 [starcursed mass/accursed screaming (10)]
 13613 | Abyss:2  | HP: 24/82 [ice devil (6)]
 13613 | Abyss:2  | HP: 5/82 [ice devil (19)]
 13615 | Abyss:2  | Reached skill level 3 in Evocations
 13763 | Abyss:2  | Noticed a hell hog
 13774 | Abyss:2  | HP: 23/82 [hell hog (3)]
 13780 | Abyss:2  | HP: 14/82 [hell hog (10)]
 13784 | Abyss:2  | Killed a hell hog
 13784 | Abyss:2  | Reached skill level 3 in Invocations
 13787 | Abyss:2  | Noticed a hell hog
 13882 | Abyss:2  | Received a gift from Okawaru
 14021 | Abyss:2  | Reached skill level 4 in Evocations
 14104 | Abyss:2  | HP: 9/57 [large abomination[an Executioner] (13)]
 14109 | Abyss:2  | HP: 2/57 [large abomination[an Executioner] (12)]
 14115 | Abyss:2  | Slain by a large abomination

Vault maps used:
D:1:      ldierk_walled_garden, st_stairs_13
D:2:      first_bread, uniq_sigmund, uniq_robin
D:3:      grunt_dithmenos_smoke, overflow_temple_1_default, xom_redecorated,
          gup_sewer_entry_bubbles, minmay_liquid_box, kennysheep_cluttered_room,
          grunt_ministairs_7, kennysheep_pointless_box, minmay_misc_feat_rows
D:4:      minmay_temple_entry_statues_fountains, grunt_ministairs_4, st_stairs_6
D:5:      kennysheep_six_static_rooms, basic_altar, uniq_menkaure, uniq_grinder
D:6:      nemelex_dance_club_becter
D:7:      lemuel_mausoleum_altar_kikubaaqudgha, gammafunk_temple_overflow_wave,
          serial_shops, shop
D:8:      lemuel_doored_altar, serial_shops, shop_fountains, special_room
D:9:      david_lair_shrubbed, uniq_prince_ribbit1
Temple:   circular_temple_12
Lair:1:   st_stairs_12, grunt_megastairs_3, infiniplex_staircase_pool_2
Lair:2:   serial_bayou_shore_b, infiniplex_staircase_pool, serial_bayou_shore_a,
          serial_bayou_shore_b
Lair:3:   minmay_swamp_entry_wisps
Lair:4:   pf_torpor_hydra, uniq_sonja
Abyss:2:  evilmike_abyss_exit_9
Sewer:    sewer_kobolds

Action                   |  1- 3 |  4- 6 |  7- 9 | 10-12 || total
-------------------------+-------+-------+-------+-------++-------
Melee: Dagger            |    99 |   165 |   522 |  1150 ||  1936
       Rapier            |       |       |       |    36 ||    36
 Fire: Blowgun           |       |       |     6 |    19 ||    25
       Hunting sling     |       |       |    23 |     4 ||    27
       Hand crossbow     |       |       |       |    21 ||    21
       Arbalest          |       |       |       |    16 ||    16
Throw: Stone             |    12 |     5 |       |       ||    17
       Tomahawk          |       |     1 |     9 |     3 ||    13
Invok: Heroism           |       |       |       |     6 ||     6
 Abil: Evoke Teleportati |       |       |       |     6 ||     6
Evoke: Wand              |       |       |       |     1 ||     1
  Use: Scroll            |     4 |     1 |    15 |     9 ||    29
       Potion            |       |     1 |     1 |     7 ||     9
 Stab: Sleeping          |     2 |       |       |       ||     2
  Eat: Chunk             |     1 |     5 |    13 |    20 ||    39
       Pizza             |       |       |       |     2 ||     2
       Meat ration       |       |       |       |     1 ||     1
       Royal jelly       |       |       |       |     1 ||     1

Table legend:
 A = Turns spent in this place as a percentage of turns spent in the entire game.
 B = Non-inter-level travel turns spent in this place as a percentage of non-inter-level travel turns spent in the entire game.
 C = Inter-level travel turns spent in this place as a percentage of turns spent in this place.
 D = Turns resting spent in this place as a percentage of non-inter-level travel turns spent in this place.
 E = Turns spent auto-exploring this place as a percentage of non-inter-level travel turns spent in this place.
 F = Non-inter-level travel turns spent in this place divided by the number of levels of this place that you've seen.
                   A       B       C       D       E      F
               +-------+-------+-------+-------+-------+----------------------
         Total | 100.0 | 100.0 |   0.3 |   1.2 |   4.5 | 375.1
       Dungeon |  65.9 |  65.9 |   0.3 |   0.6 |   5.2 | 466.9
        Temple |   0.3 |   0.2 |   6.2 |   0.0 |  60.0 |  15.0
          Lair |  20.3 |  20.3 |   0.4 |   1.2 |   4.5 | 323.5
         Abyss |  10.7 |  10.7 |   0.0 |   5.6 |   0.0 | 340.5
         Sewer |   2.9 |   2.9 |   0.0 |   0.0 |   0.5 | 185.0
               +-------+-------+-------+-------+-------+----------------------

Vault maps used:
D:1:      ldierk_walled_garden, st_stairs_13
D:2:      first_bread, uniq_sigmund, uniq_robin
D:3:      grunt_dithmenos_smoke, overflow_temple_1_default, xom_redecorated,
          gup_sewer_entry_bubbles, minmay_liquid_box, kennysheep_cluttered_room,
          grunt_ministairs_7, kennysheep_pointless_box, minmay_misc_feat_rows
D:4:      minmay_temple_entry_statues_fountains, grunt_ministairs_4, st_stairs_6
D:5:      kennysheep_six_static_rooms, basic_altar, uniq_menkaure, uniq_grinder
D:6:      nemelex_dance_club_becter
D:7:      lemuel_mausoleum_altar_kikubaaqudgha, gammafunk_temple_overflow_wave,
          serial_shops, shop
D:8:      lemuel_doored_altar, serial_shops, shop_fountains, special_room
D:9:      david_lair_shrubbed, uniq_prince_ribbit1
Temple:   circular_temple_12
Lair:1:   st_stairs_12, grunt_megastairs_3, infiniplex_staircase_pool_2
Lair:2:   serial_bayou_shore_b, infiniplex_staircase_pool, serial_bayou_shore_a,
          serial_bayou_shore_b
Lair:3:   minmay_swamp_entry_wisps
Lair:4:   pf_torpor_hydra, uniq_sonja
Abyss:2:  evilmike_abyss_exit_9
Sewer:    sewer_kobolds
